Map: Newkirk Precinct TE (Void)

Players

Elazer - Winner!

  • Race: Zerg Zerg
  • Spawn Location: 5:00

Zerghamdi

  • Race: Zerg Zerg
  • League: Master
  • Spawn Location: 7:00

Event: WESG 2016 Finals

VOD

Have the link to the VOD?

Description

Time

  • Played on: Jan. 12, 2017, 9:16 p.m.
  • Length: 5:32

All games in this series

Show
View Real Time Build Order
Export as new Build Order

Elazer Zerg - Winner!

Build Orders: Pool First, Zergling Baneling 

Get SALT Encoding   

  12  0:00  Drone  
  13  0:12  Overlord  
  13  0:18  Drone  
  14  0:31  Drone x2  
  14  0:35  Drone  
  17  0:46  Drone, Extractor  
  17  0:50  Spawning Pool  
  17  0:56  Drone  
  17  1:09  Drone  
  18  1:19  Drone  
  19  1:38  Queen, Hatchery  
  19  1:39  Zergling x2  
  21  1:47  Metabolic Boost  
  21  1:52  Overlord  
  21  1:55  Drone  
  22  2:11  Baneling Nest  
  22  2:14  Queen  
  23  2:18  Zergling x2  
  23  2:20  Zergling x2  
  25  2:23  Zergling x2  
  26  2:34  Zergling x2  
  27  2:45  Zergling x4  
  27  2:46  Zergling x2  
  27  2:48  Overlord  
  30  2:53  Zergling x2  
  31  3:04  Drone x2  
  33  3:08  Drone  
  33  3:10  Baneling x2  
  33  3:11  Baneling x2  
  34  3:12  Drone  
  34  3:18  Drone  
  35  3:24  Drone x4  
  39  3:33  Overlord  
  38  3:37  Baneling  
  38  3:38  Baneling  
  38  3:39  Drone x2  
  39  3:43  Drone x2  
  41  3:52  Zergling x2  
  41  3:53  Zergling x4  
  43  4:06  Zergling x10  
  47  4:18  Zergling x4  
  47  4:22  Baneling x4  
  47  4:23  Zergling x6  
  48  4:29  Zergling x4  
  50  4:34  Baneling x2  
  50  4:36  Hatchery  
  49  4:39  Overlord  
  49  4:50  Zergling x12  
  50  4:58  Zergling x2  
  50  4:59  Zergling x4  
  52  5:06  Zergling x4  
  54  5:08  Baneling x2  
  54  5:14  Zergling x2  
Show
View Real Time Build Order
Export as new Build Order

Zerghamdi Zerg 

Build Orders: Hatch First 

Get SALT Encoding   

  12  0:00  Drone  
  13  0:13  Overlord  
  13  0:19  Drone  
  14  0:31  Drone x2  
  16  0:35  Drone  
  17  0:56  Hatchery  
  16  1:00  Drone  
  17  1:15  Spawning Pool  
  17  1:17  Drone  
  17  1:23  Drone  
  18  1:29  Extractor  
  17  1:43  Drone  
  18  1:53  Drone x2  
  20  2:00  Overlord  
  20  2:01  Queen  
  22  2:10  Queen  
  22  2:12  Zergling x2  
  22  2:13  Zergling x2  
  26  2:19  Drone x2  
  28  2:27  Drone  
  29  2:31  Metabolic Boost  
  29  2:39  Drone  
  30  2:51  Hatchery  
  30  2:55  Zergling x4  
  31  3:03  Zergling x6  
  33  3:10  Queen  
  35  3:13  Zergling x2  
  35  3:20  Baneling Nest  
  35  3:23  Zergling x4  
  34  3:35  Zergling x6  
  34  3:37  Zergling x4  
  34  3:40  Zergling x2  
  31  3:45  Zergling x2  
  28  3:49  Zergling x2  
  27  3:58  Zergling x2  
  27  3:59  Zergling x2  
  25  4:05  Zergling x2  
  25  4:07  Zergling x2  
  26  4:16  Zergling x2  
  25  4:23  Baneling  
  23  4:26  Baneling  
  23  4:37  Zergling x6  
  23  4:38  Baneling  
  26  4:49  Zergling x4  
  26  4:52  Zergling x4  
  25  5:02  Zergling x4  
  25  5:06  Zergling x2  
  25  5:07  Zergling x2  
  25  5:12  Zergling x2  
Tags
 
Add a new tag
Caveats
  • Supply blocks, unpowered buildings, or Contaminate may cause inaccurate times.
  • Supply counts are checked every 10 seconds.